 Dungeon Crawl Stone Soup version 0.26-a0-712-ga5a9c9c9d0 (webtiles) character file.

Game seed: 6271732764703885421

27 Trevise the Shooter (level 3, -9/31 HPs)
             Began as a Gnoll Wanderer on Nov 2, 2020.
             Mangled by Sigmund
             ... wielding a +0 scythe
              (14 damage)
             ... on level 2 of the Dungeon.
             The game lasted 00:01:49 (884 turns).

Trevise the Shooter (Gnoll Wanderer)                 Turns: 884, Time: 00:01:50

Health: -9/31      AC:  2    Str: 17    XL:     3   Next: 10%
Magic:  3/3        EV: 13    Int: 11    God:
Gold:   67         SH:  0    Dex: 15    Spells: 3/3 levels left

rFire    . . .     SeeInvis .   a - +2 short sword
rCold    . . .     Faith    .   (no shield)
rNeg     + . .     Spirit   .   d - +0 robe
rPois    .         Reflect  .   (no helmet)
rElec    .         Harm     .   (no cloak)
rCorr    .         Rampage  .   (no gloves)
MR       .....                  (no boots)
Stlth    ++........             (no amulet)
HPRegen  0.10/turn              h - ring of positive energy {rN+}
MPRegen  0.08/turn              (no ring)

@: stab
A: distributed training, fangs 1, strong nose
a: no special abilities


You were on level 2 of the Dungeon.
You visited 1 branch of the dungeon, and saw 2 of its levels.

You collected 67 gold pieces.

Inventory:

Hand Weapons
 a - a +2 short sword (weapon)
 b - a +0 spear
Armour
 d - a +0 robe (worn)
Jewellery
 h - a ring of positive energy (left hand) {rN+}
   (You found it on level 1 of the Dungeon)
Scrolls
 c - 2 scrolls of teleportation
 g - a scroll of enchant weapon {unknown}
 j - a scroll of identify {unknown}
Potions
 e - a potion of resistance {unknown}
 f - a potion of degeneration {unknown}


   Skills:
 + Level 4.5 Fighting
 + Level 4.5 Short Blades
 + Level 0.6 Long Blades
 + Level 0.6 Axes
 + Level 0.6 Maces & Flails
 + Level 0.6 Polearms
 + Level 0.6 Staves
 + Level 0.6 Slings
 + Level 4.5 Bows
 + Level 0.6 Crossbows
 + Level 2.5 Throwing
 + Level 0.6 Armour
 + Level 2.5 Dodging
 + Level 2.3 Stealth
 + Level 2.5 Shields
 + Level 0.6 Unarmed Combat
 + Level 0.6 Spellcasting
 + Level 0.4 Conjurations
 + Level 0.4 Hexes
 + Level 0.4 Summonings
 + Level 0.4 Necromancy
 + Level 0.4 Translocations
 + Level 0.4 Transmutations
 + Level 0.4 Fire Magic
 + Level 0.4 Ice Magic
 + Level 0.4 Air Magic
 + Level 0.4 Earth Magic
 + Level 0.4 Poison Magic
 + Level 0.8 Invocations
 + Level 0.6 Evocations


You had 3 spell levels left.
You didn't know any spells.
Your spell library was empty.

Dungeon Overview and Level Annotations

Branches:
Dungeon (2/15)

Altars:
Nemelex Xobeh
Trog

Annotations:
D:2 Sigmund


Innate Abilities, Weirdness & Mutations

Your experience applies equally to all skills.
You have very sharp teeth.
Your uncanny sense of smell can sniff out nearby items.


Message History

You puncture the adder!
You kill the adder!
No target in view!
You see here an adder corpse.
A kobold comes into view.
You see here 13 gold pieces.
The helpless kobold fails to defend itself.
You impale the kobold!!
You kill the kobold!
No target in view!
You now have 67 gold pieces (gained 13).
i - a fizzy blue potion
Found a bloodstained altar of Trog.
A bat comes into view.
A bat is nearby!
A bat is nearby!
The bat misses you.
You barely miss the bat. You bite the bat, but do no damage.
The bat hits you but does no damage.
You hit the bat.
You kill the bat!
No target in view!
A frilled lizard comes into view.
Found a sparkling altar of Nemelex Xobeh.
A frilled lizard is nearby!
A frilled lizard is nearby!
A frilled lizard is nearby!
A rat comes into view.
Found an escape hatch in the floor.
A rat and a hobgoblin come into view.
The hobgoblin shouts!
You hear an angry hiss.
The rat moves out of view.
A frilled lizard comes into view.
The frilled lizard hisses angrily.
The frilled lizard hisses angrily.
You hit the hobgoblin. The hobgoblin closely misses you.
You barely miss the hobgoblin. The hobgoblin hits you with a +0 club.
You take 6 damage, and have 20/26 hp.
MASSIVE DAMAGE!!
You barely miss the hobgoblin. You closely miss the hobgoblin.
The hobgoblin hits you with a +0 club.
You take 1 damage, and have 19/26 hp.
You hit the hobgoblin. The hobgoblin closely misses you.
You hit the hobgoblin.
You kill the hobgoblin!
You have reached level 3!
Your experience leads to an increase in your attributes!
Increase (s)trength, (i)ntelligence, or (d)exterity?
You feel stronger.
You regained 4 hp, and now have 23/31 hp.
MP restored: 3 You hit the rat but do no damage.
The rat closely misses you.
You puncture the rat!
You kill the rat!
You puncture the frilled lizard!
You kill the frilled lizard!
The frilled lizard bites you but does no damage.
Things that are here:
a +0 club; a frilled lizard corpse; a hobgoblin corpse You hit the frilled lizard.
You kill the frilled lizard!
Things that are here:
a +0 club; a frilled lizard corpse; a hobgoblin corpse You start resting.
A rat is nearby!
You regained 2 hp, and now have 25/31 hp.
A rat is nearby!
You hit the rat.
You kill the rat!
No target in view!
Found a stone staircase leading down.
Health restored: 31 You see here 4 atropa-tipped darts.
j - a scroll labeled ALUNUWK WUUNO
Found a stone staircase leading up.
There is a stone staircase leading up here.
Sigmund the Dreaded comes into view.
He is wielding a +0 scythe.
Sigmund shouts!
Sigmund closely misses you.
You closely miss Sigmund. You bite Sigmund, but do no damage.
You closely miss Sigmund. Sigmund misses you.
You barely miss Sigmund. You bite Sigmund, but do no damage.
Sigmund closely misses you.
You closely miss Sigmund. You hit Sigmund. Sigmund hits you with a +0 scythe.
You take 2 damage, and have 29/31 hp.
You closely miss Sigmund. You puncture Sigmund! You bite Sigmund.
Sigmund hits you with a +0 scythe!
You take 15 damage, and have 14/31 hp.
MASSIVE DAMAGE!!
You barely miss Sigmund. You bite Sigmund. Sigmund casts a spell at you.
The puff of flame hits you!
* * * LOW HITPOINT WARNING * * *
You take 9 damage, and have 5/31 hp.
MASSIVE DAMAGE!!
It was a potion of stabbing.
You feel ready to backstab. Sigmund hits you with a +0 scythe!
You die...

#.....##### #.# #.##### #.######
#.# #....... #.# #.#####. #.#
#.#####. . ###.#### #### #....##.
..#######......# ..).# #.##.##.
........#..###.###.....# #.##.##.
........#.......@@.....# #<......
###.......##.#.###.....######.###
#.####..##.#.# ....##......#
###....#.......# #####.###..#
#...##.#.###.### #.##...#
#....#.#.###.# #.##.#.#
..._......##.# #.##.#.#
.#....###....#### #......#
.##...# ####.รท..# #########.###


You could see Sigmund.

Vanquished Creatures
  An adder (D:2)
  A dart slug (D:1)
  A goblin (D:1)
  3 hobgoblins
  3 kobolds
  A quokka (D:2)
  A bat (D:2)
  3 frilled lizards
  2 rats (D:2)
16 creatures vanquished.

Notes
Turn   | Place    | Note
-------+----------+-------------------------------------------
     0 | D:1      | Trevise the Gnoll Wanderer began the quest for the Orb.
     0 | D:1      | Trevise set off with the following items: a +2 short sword,
                  | a +0 spear, a scroll of teleportation, a +0 robe
     0 | D:1      | Reached XP level 1. HP: 20/20 MP: 1/1
    14 | D:1      | Noticed a minotaur zombie
   295 | D:1      | Reached XP level 2. HP: 26/26 MP: 2/2
   630 | D:2      | Found a bloodstained altar of Trog.
   651 | D:2      | Found a sparkling altar of Nemelex Xobeh.
   671 | D:2      | Reached XP level 3. HP: 23/31 MP: 3/3
   873 | D:2      | Noticed Sigmund
   883 | D:2      | HP: 5/31 [Sigmund/puff of flame (9)]
   884 | D:2      | Mangled by Sigmund

Illustrated notes

Levels and vault maps discovered:
D:1:      shiori_arrival_whats_in_store_for_you, layout_basic, minivault_25
D:2:      layout_loops_cross, nicolae_overflow_crystal_walls,
          nemelex_xobeh_ov_fountains_minmay, uniq_sigmund

Action                   || total
-------------------------++-------
Melee: Short sword       ||    53
       Bite              ||     8
  Use: Potion            ||     1
 Stab: Sleeping          ||     5
Armor: Robe              ||     6
Dodge: Dodged            ||    23

Table legend: (Time is in decaauts)
 A = Elapsed time spent in this place.
 B = Non-inter-level travel time spent in this place.
 C = Inter-level travel time spent in this place.
 D = Time resting spent in this place.
 E = Time spent auto-exploring this place.
 F = Levels seen in this place.
 G = Mean time per level.
                   A        B        C        D        E       F      G
               +--------+--------+--------+--------+--------+-----+--------+
         Total |    876 |    866 |     10 |     16 |    731 |   2 |  438.0 |
       Dungeon |    876 |    866 |     10 |     16 |    731 |   2 |  438.0 |
               +--------+--------+--------+--------+--------+-----+--------+

Top non-repeatable levels by time:
     D:1: 543 daAuts
     D:2: 333 daAuts

Table legend:
 A = Kills in this place as a percentage of kills in entire the game.
 B = Kills by you in this place as a percentage of kills by you in the entire game.
 C = Kills by friends in this place as a percentage of kills by friends in the entire game.
 D = Other kills in this place as a percentage of other kills in the entire game.
 E = Experience gained in this place as a percentage of experience gained in the entire game.
 F = Experience gained in this place divided by the number of levels of this place that you have seen.
                   A       B       C       D       E      F
               +-------+-------+-------+-------+-------+----------------------
         Total | 100.0 | 100.0 |   N/A |   N/A | 100.0 |  19.5
       Dungeon | 100.0 | 100.0 |   N/A |   N/A | 100.0 |  19.5
               +-------+-------+-------+-------+-------+----------------------
